 Dungeon Crawl Stone Soup version 0.26.1-11-gd32895ea62 (webtiles) character file.

Game seed: 2579800480606371570

99 Goaboa the Grave Robber (level 4, -3/33 HPs)
             Began as a Demonspawn Necromancer on May 19, 2021.
             Killed from afar by an efreet (22 damage)
             ... with a bolt of fire
             ... on level 1 of the Abyss on June 2, 2021.
             The game lasted 00:14:46 (3257 turns).

Goaboa the Grave Robber (Demonspawn Necromancer)    Turns: 3257, Time: 00:14:47

Health: -3/33      AC:  2    Str:  8    XL:     4   Next: 45%
Magic:  8/8        EV: 13    Int: 17    God:
Gold:   97         SH:  0    Dex: 14    Spells: 3/8 levels left

rFire    . . .     SeeInvis .   g - +0 short sword (venom)
rCold    . . .     Faith    .   (no shield)
rNeg     . . .     Spirit   .   a - +0 robe
rPois    .         Reflect  .   (no helmet)
rElec    .         Harm     .   (no cloak)
rCorr    .         Rampage  .   (no gloves)
Will     .....                  (no boots)
Stlth    ++........             (no amulet)
HPRegen  0.11/turn              (no ring)
MPRegen  0.11/turn              (no ring)

@: no status effects
A: talons 1, powered by death 1, miasma immunity
a: no special abilities


You were on level 1 of the Abyss.
You visited 1 branch of the dungeon, and saw 2 of its levels.
You visited the Abyss 1 time.

You collected 97 gold pieces.

Inventory:

Hand Weapons
 g - a +0 short sword of venom (weapon)
Armour
 a - a +0 robe (worn)
Scrolls
 c - a scroll of noise {unknown}
 h - 2 scrolls of fear {unknown}
 i - 3 scrolls of identify {unknown}
 j - a scroll of fog {unknown}
 k - a scroll of remove curse {unknown}
 l - 2 scrolls of magic mapping {unknown}
 m - a scroll of amnesia {unknown}
 o - a scroll of teleportation {unknown}
Potions
 b - 3 potions of degeneration {unknown}
 d - 2 potions of heal wounds {unknown}
 e - 3 potions of curing {unknown}
 f - a potion of mutation {unknown}
 n - a potion of lignification {unknown}


   Skills:
 + Level 1.9 Fighting
 + Level 2.5 Dodging
 - Level 1.7 Stealth
 + Level 2.8 Spellcasting
 + Level 5.0 Necromancy


You had 3 spell levels left.
You knew the following spells:

 Your Spells              Type           Power        Failure   Level
a - Pain                  Necr           76%          2%          1
b - Animate Skeleton      Necr           38%          2%          1
v - Vampiric Draining     Necr           9%           7%          3

Your spell library contained the following spells:

 Spells                   Type           Power        Failure   Level
 Animate Dead             Necr           9%           22%         4
 Agony                    Necr           19%          54%         5


Dungeon Overview and Level Annotations

Branches:
Dungeon (2/15)

Altars:

Annotations:
D:2 Sigmund


Innate Abilities, Weirdness & Mutations

You have sharp toenails.
You regenerate a little health from kills.
You are immune to miasma.


Message History

You bump into the rock wall.
Sigmund hits you from afar with a +2 scythe of distortion!
You are cast into the Abyss!
To return, you must find a gate leading back.
Killing monsters will force the Abyss to allow you passage.
This branch contains the abyssal rune of Zot.
Found a cyan potion.
Welcome back, Goaboa the Demonspawn Necromancer.
Press ? for a list of commands and other information.
e - 3 cyan potions (gained 1)
You feel less confused.
Found a scroll labelled ENERHUAGAM.
Found a falchion.
A smoke demon comes into view.
Found a scroll labelled MEBRUBR MOSE.
An efreet comes into view.
It is wielding a +1 scimitar of flaming.
The efreet gestures at you. The bolt of fire hits you!!
Ouch! That really hurt!
You die...

.. .# §#.## .#..
. ##...###.#
#..#....# #.
.#.#..#..#.##...
....##.##.#....#
#....##...##.....
####...#.....#..
#.#.###..#.#
#.@.# ...§..
####).?R##§≈#
#.3.# . ###.§ ≈


You could see a smoke demon (asleep) and an efreet.

Vanquished Creatures
  2 adders (D:2)
  4 gnolls
  2 oozes
  A leopard gecko (D:1)
  5 hobgoblins (D:1)
  A jackal (D:2)
  4 kobolds
  5 bats
  A frilled lizard (D:1)
  6 goblins
  3 rats
34 creatures vanquished.

Vanquished Creatures (collateral kills)
  A dart slug (D:1)
1 creature vanquished.

Grand Total: 35 creatures vanquished

Notes
Turn   | Place    | Note
-------+----------+-------------------------------------------
     0 | D:1      | Goaboa the Demonspawn Necromancer began the quest for the
                  | Orb.
     0 | D:1      | Reached XP level 1. HP: 13/13 MP: 3/3
   428 | D:1      | Learned a level 1 spell: Animate Skeleton
   458 | D:1      | Gained mutation: You have sharp toenails. [demonic
                  | ancestry]
   458 | D:1      | Reached XP level 2. HP: 17/20 MP: 1/5
  1017 | D:1      | Reached skill level 1 in Fighting
  1446 | D:1      | Gained mutation: You regenerate a little health from kills.
                  | [demonic ancestry]
  1446 | D:1      | Reached XP level 3. HP: 18/26 MP: 1/6
  1698 | D:2      | Learned a level 3 spell: Vampiric Draining
  2350 | D:2      | Noticed Sigmund
  2676 | D:2      | Gained mutation: You are immune to miasma. [demonic
                  | ancestry]
  2676 | D:2      | Reached XP level 4. HP: 28/32 MP: 2/8
  2869 | D:2      | Reached skill level 5 in Necromancy
  3240 | D:2      | Cast into level 1 of the Abyss (Sigmund)
  3256 | Abyss:1  | Noticed a smoke demon
  3257 | Abyss:1  | Noticed an efreet
  3257 | Abyss:1  | Killed from afar by an efreet

Illustrated notes

Levels and vault maps discovered:
D:1:      sevenhm_arrival_forest_fort_small_4, layout_basic,
          chequers_serial_rivers_room_a, minmay_misc_feat_nine_boxes
D:2:      layout_basic, minmay_surrounded, uniq_sigmund
Abyss:1:  base: D:1, base: Temple, hangedman_abyss_sting,
          hangedman_abyss_river_spirits, base:
Temple

Skill      XL: |  1  2  3  4 |
---------------+-------------+-----
Dodging        | 2 |  2.5
Fighting       | 1 |  1.9
Necromancy     | 5 |  5.0
Stealth        | |  1.7
Spellcasting   | |  2.8

Action                   |  1- 3 |  4- 6 || total
-------------------------+-------+-------++-------
Melee: Unarmed           |    15 |       ||    15
       Short sword       |     9 |       ||     9
       Kick              |     2 |       ||     2
 Cast: Pain              |    55 |    15 ||    70
       Animate Skeleton  |     7 |       ||     7
       Vampiric Draining |     1 |       ||     1
Armor: Robe              |     5 |       ||     5
Dodge: Dodged            |    15 |     1 ||    16
